AoeStats
← CazadorGT

Nomad

508949439Analyzed
2v2 RM · 8d ago on Sep 24, 2026· 30m 1s· 4 players
Game mode
Random Map
Map size
176×176
Population
200
Speed
Normal
Resources
Standard
Victory
Conquest
Starting age
Dark Age
Ending age
Imperial Age
RankedLock teamsTeams togetherTeam positionsShared explorationLock speedFull tech treeHidden civsTurbo modeCheats
Victory
Defeat
🇬🇹 Malians · Guatemala
1156
+16
🇻🇪 Bohemians · Venezuela
1102
+18
🇨🇴 Varangians · Colombia
1170
-17
🇨🇴 Italians · Colombia
1140
-17
CazadorGT
5:33 Loom
12:58 Feudal Age
13:32 Town Watch
15:16 Fletching
17:35 Double-Bit Axe
26:32 Castle Age
24:36 Padded Archer Armor
24:45 Horse Collar
25:02 Stone Mining
25:29 Gold Mining
27:12 Bodkin Arrow
26:40 Crossbowman
dejame_ganar
5:22 Loom
14:44 Feudal Age
19:25 Castle Age
17:42 Double-Bit Axe
18:40 Fletching
19:40 Town Watch
Ctrl Gio
5:40 Loom
13:23 Feudal Age
14:01 Fishing Lines
16:54 Town Watch
18:28 Double-Bit Axe
22:46 Castle Age
21:31 Fletching
24:15 Bodkin Arrow
25:22 Wheelbarrow
AndGio1
3:22 Loom
12:48 Feudal Age
18:14 Castle Age
16:58 Fletching
17:08 Padded Archer Armor
24:20 Fishing Lines
25:19 Bodkin Arrow
Connection lost

Rejoining the realm…

Still unreachable

The connection could not be restored.

Session expired

The server has moved on; the page needs a fresh start.